[Event "ICC tourney 3322 (40 10)"]
[Site "Internet Chess Club"]
[Date "2023.11.11"]
[Round "1"]
[White "Mitrabha, Guha:babysnake"]
[Black "MARKOVIC, GORAN:Goran21"]
[Result "1-0"]
[ICCResult "Black resigns"]
[WhiteElo "2566"]
[BlackElo "2005"]
[Opening "Mieses opening"]
[ECO "A00"]
[NIC "VO.13"]
[Time "11:01:45"]
[PlyCount "95"]
[TimeControl "2400+10"]

1. d3 c5 2. g3 Nc6 3. Bg2 g6 4. h4 h5 5. c4 Nf6 6. Nc3 Bg7 7. Nh3 a6 8. Nf4
O-O 9. Bd2 Rb8 10. Ncd5 e6 11. Nxf6+ Bxf6 12. Bc3 Bxc3+ 13. bxc3 b6 14. Rb1
Ne7 15. Qb3 d6 16. O-O Bd7 17. Qa3 a5 18. Qc1 Nc6 19. Rb2 Ne5 20. Qd2 Qc7
21. Rfb1 Rfd8 22. Rb3 a4 23. R3b2 Bc6 24. a3 Bxg2 25. Kxg2 Qc6+ 26. Kg1 d5
27. cxd5 exd5 28. Rb5 d4 29. c4 Kg7 30. Nd5 Nd7 31. R1b2 Re8 32. Qc2 Re6 33.
Qxa4 Rbe8 34. Qd1 Rb8 35. a4 Ra8 36. Qa1 Rae8 37. Qa2 Ra8 38. a5 Rxa5 39.
Rxa5 bxa5 40. Qxa5 Qd6 41. Qa7 Ne5 42. Rb6 Nc6 43. Qc7 g5 44. Qxd6 Rxd6 45.
hxg5 Rg6 46. f4 f5 47. gxf6+ Rxf6 48. Nxf6 {Black resigns} 1-0

[Event "ICC tourney 3322 (40 10)"]
[Site "Internet Chess Club"]
[Date "2023.11.11"]
[Round "1"]
[White "MARCHENKO, VITALIY:KingPawn23"]
[Black "SOWA, RYAN:Stone-Castle"]
[Result "0-1"]
[ICCResult "White checkmated"]
[WhiteElo "1816"]
[BlackElo "2277"]
[Opening "Robatsch defense: three pawns attack"]
[ECO "A40"]
[NIC "KF.05"]
[Time "11:00:42"]
[PlyCount "98"]
[TimeControl "2400+10"]

1. d4 g6 2. e4 Bg7 3. f4 d5 4. e5 c5 5. c3 cxd4 6. cxd4 Nh6 7. Nc3 O-O 8.
Nf3 Bg4 9. Bd3 Nc6 10. Be3 Nf5 11. Bxf5 Bxf5 12. a3 Na5 13. O-O Rc8 14. Rc1
Nc4 15. Qe2 Bg4 16. h3 Bxf3 17. Rxf3 e6 18. Rc2 Qa5 19. Bc1 Rc6 20. b4 Qb6
21. Na4 Qxd4+ 22. Qf2 Qxf2+ 23. Kxf2 Nxe5 24. Rxc6 Nxc6 25. Nc5 b6 26. Nb3
Nd4 27. Nxd4 Bxd4+ 28. Be3 Bxe3+ 29. Kxe3 Rc8 30. Kd2 Kf8 31. Rd3 Rc4 32. g3
Ke7 33. Rb3 Kd6 34. a4 f6 35. a5 b5 36. h4 a6 37. Kd3 e5 38. fxe5+ fxe5 39.
Kd2 e4 40. Ke3 Ke5 41. Rb2 d4+ 42. Kf2 e3+ 43. Kf3 Rc7 44. Rb3 Rf7+ 45. Ke2
Ke4 46. g4 Rf2+ 47. Ke1 Rh2 48. h5 d3 49. hxg6 Rh1# {White checkmated} 0-1

[Event "ICC tourney 3322 (40 10)"]
[Site "Internet Chess Club"]
[Date "2023.11.11"]
[Round "1"]
[White "AMBURGY, RYAN:rychessmaster1"]
[Black "MA, JIN:K05-16813308"]
[Result "1-0"]
[ICCResult "Black resigns"]
[WhiteElo "2318"]
[BlackElo "1816"]
[Opening "QGD: Semi-Tarrasch, 5.cd"]
[ECO "D41"]
[NIC "TD.12"]
[Time "11:00:32"]
[PlyCount "75"]
[TimeControl "2400+10"]

1. d4 d5 2. c4 e6 3. Nc3 Nf6 4. Nf3 c5 5. cxd5 exd5 6. Bg5 Nc6 7. Bxf6 Qxf6
8. Nxd5 Qd8 9. dxc5 Bxc5 10. e3 Be6 11. Bc4 O-O 12. O-O Na5 13. Rc1 Nxc4 14.
Rxc4 Rc8 15. b4 Bxd5 16. Rxc5 Rxc5 17. bxc5 Bxa2 18. Qa4 Bd5 19. Rd1 Bc6 20.
Qa1 Qb8 21. Rd6 a6 22. Ne5 Qc8 23. Qd4 Qc7 24. h4 Bb5 25. h5 h6 26. Qd5 Rc8
27. g4 Be8 28. Nd3 Qa5 29. Qxb7 Rc7 30. Qe4 Rc8 31. Qe7 Qa1+ 32. Kh2 Qf1 33.
Rd8 Rxd8 34. Qxd8 Kf8 35. c6 Qe2 36. c7 Qxg4 37. c8=Q Qxh5+ 38. Qh3
{Black resigns}
1-0

[Event "ICC tourney 3322 (40 10)"]
[Site "Internet Chess Club"]
[Date "2023.11.11"]
[Round "1"]
[White "Klenoff, Caleb Jude:kingcaleb"]
[Black "CHENG, ERIC:EricCheng-131"]
[Result "0-1"]
[ICCResult "White resigns"]
[WhiteElo "2039"]
[BlackElo "1804"]
[Opening "Giuoco Pianissimo"]
[ECO "C24"]
[NIC "IG.04"]
[Time "11:00:49"]
[PlyCount "122"]
[TimeControl "2400+10"]

1. e4 e5 2. Bc4 Nf6 3. d3 Nc6 4. Nf3 Bc5 5. O-O O-O 6. c3 d6 7. h3 h6 8. b4
Bb6 9. a4 a6 10. Re1 Be6 11. Bxe6 fxe6 12. a5 Ba7 13. Be3 Ne7 14. Bxa7 Rxa7
15. Qb3 Qd7 16. Na3 Ng6 17. d4 exd4 18. Nxd4 Re8 19. Rad1 Qf7 20. g3 e5 21.
Qxf7+ Kxf7 22. Nf5 Ne7 23. Nxe7 Kxe7 24. f3 Rf8 25. Nc4 Nd7 26. Kg2 Raa8 27.
Ne3 g6 28. h4 Nf6 29. Re2 Rf7 30. c4 Rd8 31. Rc2 c6 32. Rcd2 Ke6 33. c5 Rfd7
34. cxd6 Rxd6 35. Rxd6+ Rxd6 36. Rxd6+ Kxd6 37. Kf2 Nd7 38. Nc4+ Ke6 39. f4
exf4 40. gxf4 c5 41. bxc5 Nxc5 42. Ke3 Kf6 43. Nd6 Ke6 44. Nc4 Kf6 45. Kd4
Ne6+ 46. Kd5 Nxf4+ 47. Kd6 Ne6 48. Ne3 h5 49. e5+ Kf7 50. Kd7 Nc5+ 51. Kc7
Ke6 52. Kb6 Nb3 53. Nc4 Kd5 54. Kxb7 Kxc4 55. Kxa6 Kd5 56. Kb6 Nxa5 57. Kxa5
Kxe5 58. Kb5 Kf4 59. Kc4 Kg4 60. Kd4 Kxh4 61. Ke4 Kg4 {White resigns} 0-1

[Event "ICC tourney 3322 (40 10)"]
[Site "Internet Chess Club"]
[Date "2023.11.11"]
[Round "1"]
[White "Li, Alex:AlexLi31415"]
[Black "Volkov, Sergey:Volkov"]
[Result "1/2-1/2"]
[ICCResult "Game drawn by the 50 move rule"]
[WhiteElo "1834"]
[BlackElo "2506"]
[Opening "French: Wing gambit"]
[ECO "C00"]
[NIC "FR.01"]
[Time "11:00:36"]
[PlyCount "200"]
[TimeControl "2400+10"]

1. e4 e6 2. Nf3 d5 3. e5 c5 4. b4 c4 5. c3 a5 6. b5 Nd7 7. d3 Qc7 8. dxc4
Nxe5 9. cxd5 Nf6 10. dxe6 Bxe6 11. Be2 Nxf3+ 12. Bxf3 Bd6 13. Be3 O-O 14. b6
Qb8 15. Nd2 Rd8 16. h3 Bf4 17. O-O Bxe3 18. fxe3 Qe5 19. Qe1 Rd3 20. Bxb7
Rb8 21. Ba6 Rxe3 22. Qf2 Rxb6 23. Nc4 Bxc4 24. Bxc4 Qg3 25. Qxg3 Rxg3 26.
Rab1 Rxb1 27. Rxb1 Kf8 28. Rb7 Rxc3 29. Bxf7 a4 30. Be6 Rc6 31. Bf5 g6 32.
Bd3 Rc3 33. Bb5 Rc1+ 34. Kh2 Rb1 35. Bc6 Rxb7 36. Bxb7 a3 37. Kg3 Ke7 38.
Kf4 Kd6 39. Kg5 Nd5 40. Ba6 Kc5 41. Bc8 Kd6 42. Ba6 Ke5 43. Kh6 Kd4 44. Bc8
Ke5 45. Ba6 Nf4 46. Kxh7 Nxg2 47. Kxg6 Nf4+ 48. Kg5 Nxh3+ 49. Kg4 Nf4 50.
Kf3 Nd5 51. Bc4 Nb6 52. Bb3 Kd4 53. Ke2 Kc3 54. Ke3 Nd7 55. Ke2 Nc5 56. Bd5
Kc2 57. Bf7 Kc1 58. Bg8 Na6 59. Ke1 Nb4 60. Ke2 Nc6 61. Ke1 Nd4 62. Bf7 Kc2
63. Bg8 Nc6 64. Ke2 Ne5 65. Ke1 Nf3+ 66. Ke2 Nd4+ 67. Ke1 Kc1 68. Bf7 Nc6
69. Ke2 Kc2 70. Bg8 Nd4+ 71. Ke1 Nb5 72. Ke2 Nc3+ 73. Ke1 Kc1 74. Bf7 Kc2
75. Bg8 Kd3 76. Bf7 Nb5 77. Kd1 Kc3 78. Kc1 Nd4 79. Bh5 Nc2 80. Bf7 Nb4 81.
Kb1 Kd2 82. Bg6 Nd5 83. Ka1 Kc1 84. Bh7 Nb4 85. Bg6 Nc6 86. Be4 Nd4 87. Bh7
Kd2 88. Bg6 Ke3 89. Bh7 Nb5 90. Bg6 Nc3 91. Bh7 Kd2 92. Bg6 Kc1 93. Bh7 Nb5
94. Bg6 Nd4 95. Bh7 Nc6 96. Bg6 Ne7 97. Be4 Kd2 98. Kb1 Nc8 99. Bf5 Nd6 100.
Bg6 Kc3 {Game drawn by the 50 move rule} 1/2-1/2

[Event "ICC tourney 3322 (40 10)"]
[Site "Internet Chess Club"]
[Date "2023.11.11"]
[Round "2"]
[White "MA, JIN:K05-16813308"]
[Black "Klenoff, Caleb Jude:kingcaleb"]
[Result "0-1"]
[ICCResult "White checkmated"]
[WhiteElo "1816"]
[BlackElo "2039"]
[Opening "French: advance, Paulsen attack"]
[ECO "C02"]
[NIC "FR.03"]
[Time "13:15:15"]
[PlyCount "74"]
[TimeControl "2400+10"]

1. e4 e6 2. d4 d5 3. e5 c5 4. c3 Nc6 5. Nf3 Qb6 6. a3 c4 7. h4 Na5 8. Nbd2
Bd7 9. g3 Ne7 10. Bh3 h6 11. O-O O-O-O 12. a4 Kb8 13. Ne1 Qc7 14. Nc2 g5 15.
h5 Nc8 16. Nb4 Be7 17. Bg4 Nb6 18. Qf3 Rdf8 19. Qe3 Ka8 20. Bd1 Be8 21. g4
f6 22. exf6 Rxf6 23. b3 Rhf8 24. bxc4 Nbxc4 25. Nxc4 Nxc4 26. Qd3 Bd6 27.
Kg2 a5 28. Nc2 e5 29. Ne3 e4 30. Qc2 Nxe3+ 31. Bxe3 Bd7 32. Be2 Qc8 33. c4
Bxg4 34. c5 Bf3+ 35. Bxf3 exf3+ 36. Kg1 Qg4+ 37. Kh1 Qg2# {White checkmated}
0-1

[Event "ICC tourney 3322 (40 10)"]
[Site "Internet Chess Club"]
[Date "2023.11.11"]
[Round "2"]
[White "CHENG, ERIC:EricCheng-131"]
[Black "AMBURGY, RYAN:rychessmaster1"]
[Result "0-1"]
[ICCResult "White resigns"]
[WhiteElo "1804"]
[BlackElo "2318"]
[Opening "Pirc defense"]
[ECO "B07"]
[NIC "PU.08"]
[Time "13:15:12"]
[PlyCount "76"]
[TimeControl "2400+10"]

1. e4 d6 2. d4 Nf6 3. Nc3 e5 4. dxe5 dxe5 5. Qxd8+ Kxd8 6. Nf3 Bd6 7. Bc4
Ke7 8. Bg5 c6 9. O-O-O Be6 10. Bxe6 fxe6 11. Rd2 h6 12. Bh4 g5 13. Bg3 Nbd7
14. a3 Rad8 15. Rhd1 Bc7 16. b4 Nh5 17. Na4 b5 18. Nc3 Nxg3 19. hxg3 Bb6 20.
Kb2 Rhf8 21. Rd6 g4 22. Nh4 Rxf2 23. Rxc6 Bd4 24. Kb3 Rb8 25. Nb1 a5 26. Rd2
Rf1 27. Nc3 a4+ 28. Ka2 Nb6 29. Rd1 Rxd1 30. Nxd1 Kd7 31. Rxb6 Bxb6 32. Ng6
Kd6 33. c3 Rg8 34. Nh4 Rf8 35. Nb2 Rf2 36. Kb1 Be3 37. Nd3 Rd2 38. Nb2 Bg5
{White resigns}
0-1

[Event "ICC tourney 3322 (40 10)"]
[Site "Internet Chess Club"]
[Date "2023.11.11"]
[Round "2"]
[White "MARKOVIC, GORAN:Goran21"]
[Black "Li, Alex:AlexLi31415"]
[Result "1-0"]
[ICCResult "Black resigns"]
[WhiteElo "2005"]
[BlackElo "1834"]
[Opening "QGD: classical variation (5.Bf4)"]
[ECO "D37"]
[NIC "QO.04"]
[Time "13:15:16"]
[PlyCount "83"]
[TimeControl "2400+10"]

1. d4 d5 2. c4 e6 3. Nc3 Nf6 4. Nf3 Be7 5. Bf4 O-O 6. e3 c6 7. h3 b6 8. a3
Bb7 9. Qb3 c5 10. dxc5 Bxc5 11. Rd1 Qe7 12. Na4 Na6 13. cxd5 Nxd5 14. Bg3
Rfd8 15. Be2 Bd6 16. Bxd6 Rxd6 17. O-O Rad8 18. Ne5 f6 19. Nf3 Kh8 20. Nd4
Nac7 21. Rc1 Nf4 22. Qc2 Nxe2+ 23. Nxe2 R8d7 24. Nd4 Qd8 25. Rfe1 Nd5 26.
Nc3 Nxc3 27. Qxc3 h6 28. b4 e5 29. Nf5 Rd3 30. Qb2 Rd2 31. Qb3 Bd5 32. Qc3
Be6 33. Nd4 R7xd4 34. exd4 Rxd4 35. Qc7 Qa8 36. Qe7 Bd5 37. Rc7 Qg8 38. Re3
Rf4 39. Rg3 g5 40. Rgc3 Be6 41. R3c6 Bd5 42. Rxf6 {Black resigns} 1-0

[Event "ICC tourney 3322 (40 10)"]
[Site "Internet Chess Club"]
[Date "2023.11.11"]
[Round "2"]
[White "SOWA, RYAN:Stone-Castle"]
[Black "Mitrabha, Guha:babysnake"]
[Result "0-1"]
[ICCResult "White resigns"]
[WhiteElo "2277"]
[BlackElo "2566"]
[Opening "English opening"]
[ECO "A05"]
[NIC "EO.48"]
[Time "13:15:45"]
[PlyCount "70"]
[TimeControl "2400+10"]

1. Nf3 Nf6 2. c4 b6 3. g3 Bb7 4. Bg2 c5 5. O-O g6 6. Nc3 Bg7 7. d4 cxd4 8.
Qxd4 O-O 9. Qh4 d6 10. Bh6 Nbd7 11. Rac1 Rc8 12. Bxg7 Kxg7 13. Rfd1 Rc5 14.
Qf4 Qa8 15. Ne1 Rfc8 16. b3 a6 17. Bxb7 Qxb7 18. Nd3 Rf5 19. Qe3 b5 20. Qxe7
bxc4 21. bxc4 Rxc4 22. Qxd6 Qa7 23. Qa3 Ne5 24. Qb2 h5 25. e4 Nf3+ 26. Kg2
Qa8 27. Nf4 Rxe4 28. Ncd5 Rexf4 29. Nxf4 g5 30. Nxh5+ Kg6 31. Nxf6 Nh4+ 32.
Kf1 Qg2+ 33. Ke1 Qg1+ 34. Kd2 Qxf2+ 35. Kc3 Rf3+ {White resigns} 0-1

[Event "ICC tourney 3322 (40 10)"]
[Site "Internet Chess Club"]
[Date "2023.11.11"]
[Round "2"]
[White "Volkov, Sergey:Volkov"]
[Black "Liang, Jason:Jupiter435"]
[Result "0-1"]
[ICCResult "White forfeits on time"]
[WhiteElo "2506"]
[BlackElo "2537"]
[Opening "QGD Slav defense: exchange variation"]
[ECO "D10"]
[NIC "SL.01"]
[Time "13:15:12"]
[PlyCount "120"]
[TimeControl "2400+10"]

1. d4 d5 2. c4 c6 3. cxd5 cxd5 4. Bf4 Nc6 5. e3 Nf6 6. Nc3 Bf5 7. Qb3 Na5 8.
Qa4+ Bd7 9. Qc2 e6 10. Nf3 Rc8 11. Bd3 Bb4 12. O-O O-O 13. Rfc1 a6 14. Ne5
Bb5 15. Bxb5 axb5 16. Bg5 Be7 17. Qd3 Nc4 18. Nxb5 Qa5 19. b3 Na3 20. Nc3
Bb4 21. Ne2 Ne4 22. Bf4 f6 23. Nf3 g5 24. Bg3 Qa6 25. Qxa6 bxa6 26. Rxc8
Rxc8 27. Rc1 Nc2 28. h4 h6 29. hxg5 hxg5 30. a4 Kf7 31. Rd1 Ke8 32. Nh2 Na3
33. f3 Nxg3 34. Nxg3 Rc3 35. e4 Rxb3 36. exd5 exd5 37. Ng4 Kf7 38. Nh5 Be7
39. Re1 Rb1 40. Rxb1 Nxb1 41. Ne3 Nc3 42. Kf2 Bd8 43. Ke1 Bb6 44. Kd2 Bxd4
45. Nc2 Be5 46. Nb4 a5 47. Nc6 Nxa4 48. Kc2 Bc7 49. g4 Nc5 50. Kc3 Ne6 51.
Kb3 Nc5+ 52. Kc3 Be5+ 53. Kc2 a4 54. Nb4 a3 55. Kb1 d4 56. Ka2 d3 57. Nd5
Bd4 58. Kb1 a2+ 59. Kxa2 d2 60. Nc3 Bxc3 {White forfeits on time} 0-1

[Event "ICC tourney 3322 (40 10)"]
[Site "Internet Chess Club"]
[Date "2023.11.11"]
[Round "3"]
[White "Mitrabha, Guha:babysnake"]
[Black "AMBURGY, RYAN:rychessmaster1"]
[Result "1/2-1/2"]
[ICCResult "Game drawn by mutual agreement"]
[WhiteElo "2566"]
[BlackElo "2318"]
[Opening "Queen's bishop game"]
[ECO "D02"]
[NIC "QP.06"]
[Time "15:30:30"]
[PlyCount "41"]
[TimeControl "2400+10"]

1. d4 Nf6 2. Nf3 d5 3. Bf4 c5 4. e3 Nc6 5. Nbd2 cxd4 6. exd4 Qb6 7. Nb3 Bf5
8. a4 a6 9. a5 Qd8 10. c3 e6 11. Be2 Be7 12. O-O O-O 13. h3 h6 14. Ne1 Re8
15. Nd3 Ne4 16. f3 Nd6 17. Nbc5 Nxa5 18. Ne5 Nac4 19. Nxc4 Nxc4 20. b3 Nd6
21. b4 {Game drawn by mutual agreement} 1/2-1/2

[Event "ICC tourney 3322 (40 10)"]
[Site "Internet Chess Club"]
[Date "2023.11.11"]
[Round "3"]
[White "Klenoff, Caleb Jude:kingcaleb"]
[Black "MARCHENKO, VITALIY:KingPawn23"]
[Result "1-0"]
[ICCResult "Black resigns"]
[WhiteElo "2039"]
[BlackElo "1816"]
[Opening "Caro-Kann: classical variation"]
[ECO "B18"]
[NIC "CK.10"]
[Time "15:30:21"]
[PlyCount "47"]
[TimeControl "2400+10"]

1. e4 c6 2. d4 d5 3. Nc3 dxe4 4. Nxe4 Bf5 5. Ng3 Bg6 6. Nf3 e6 7. h4 h5 8.
Ne5 Be7 9. Nxg6 fxg6 10. Bd3 Kf7 11. Qf3+ Nf6 12. Ne4 Qxd4 13. Ng5+ Kg8 14.
Bxg6 Qe5+ 15. Be3 Rh6 16. Nf7 Qxb2 17. Nxh6+ gxh6 18. O-O Nbd7 19. Bxh5 Qe5
20. Bg6 Rf8 21. Bxh6 Bd6 22. g3 Re8 23. Bxe8 Nxe8 24. Rae1 {Black resigns}
1-0

[Event "ICC tourney 3322 (40 10)"]
[Site "Internet Chess Club"]
[Date "2023.11.11"]
[Round "3"]
[White "CHENG, ERIC:EricCheng-131"]
[Black "MARKOVIC, GORAN:Goran21"]
[Result "1-0"]
[ICCResult "Black resigns"]
[WhiteElo "1804"]
[BlackElo "2005"]
[Opening "Giuoco Piano"]
[ECO "C54"]
[NIC "IG.02"]
[Time "15:30:08"]
[PlyCount "79"]
[TimeControl "2400+10"]

1. e4 e5 2. Nf3 Nc6 3. Bc4 Bc5 4. c3 Nf6 5. d3 h6 6. b4 Bb6 7. O-O a6 8. Be3
Bxe3 9. fxe3 d5 10. exd5 Nxd5 11. Qe2 Be6 12. d4 exd4 13. Nxd4 Nxd4 14. exd4
O-O 15. Qd3 b5 16. Bb3 Qg5 17. Qf3 c6 18. Na3 a5 19. bxa5 Rxa5 20. Nc2 Qd2
21. Rae1 Raa8 22. Rf2 Qg5 23. Re5 Qg6 24. Ne1 Qb1 25. Bc2 Qc1 26. Qd3 f5 27.
Rxe6 Rae8 28. Rxe8 Rxe8 29. Re2 Ne3 30. Bb3+ Kh8 31. Qd2 Qa1 32. Rxe3 Rf8
33. Qe2 Kh7 34. h3 b4 35. Qc2 Rf6 36. Kh2 bxc3 37. Qxc3 Qb1 38. Qc2 Qa1 39.
Nf3 Re6 40. Qxf5+ {Black resigns} 1-0

[Event "ICC tourney 3322 (40 10)"]
[Site "Internet Chess Club"]
[Date "2023.11.11"]
[Round "3"]
[White "Li, Alex:AlexLi31415"]
[Black "MA, JIN:K05-16813308"]
[Result "1/2-1/2"]
[ICCResult "Game drawn by mutual agreement"]
[WhiteElo "1834"]
[BlackElo "1816"]
[Opening "QGD: Semi-Tarrasch defense"]
[ECO "D40"]
[NIC "TD.06"]
[Time "15:30:18"]
[PlyCount "85"]
[TimeControl "2400+10"]

1. d4 d5 2. c4 e6 3. Nc3 Nf6 4. Nf3 c5 5. e3 Nc6 6. cxd5 exd5 7. dxc5 Bxc5
8. Bd3 O-O 9. O-O Bg4 10. h3 Bh5 11. Be2 Qd7 12. b3 Rad8 13. Bb2 Bd6 14. Nd4
Bg6 15. Ncb5 Ne4 16. Nxd6 Qxd6 17. Nxc6 bxc6 18. Qd4 f6 19. Qxa7 Rf7 20. Qa5
c5 21. Rfd1 Re8 22. Bc4 Nxf2 23. Kxf2 Qe6 24. Qxc5 dxc4 25. bxc4 Rc8 26. Qd5
Qxd5 27. Rxd5 Rxc4 28. Rd8+ Rf8 29. Rxf8+ Kxf8 30. Rc1 Rxc1 31. Bxc1 Bf7 32.
a4 Ke7 33. e4 Kd7 34. Ke3 Bb3 35. a5 Kc6 36. Kd4 Be6 37. Bd2 Bc8 38. Bb4 g6
39. Be7 f5 40. exf5 Bxf5 41. Ke5 h5 42. Bd8 Kb5 43. Kf6
{Game drawn by mutual agreement}
1/2-1/2

[Event "ICC tourney 3322 (40 10)"]
[Site "Internet Chess Club"]
[Date "2023.11.11"]
[Round "3"]
[White "Liang, Jason:Jupiter435"]
[Black "SOWA, RYAN:Stone-Castle"]
[Result "1-0"]
[ICCResult "Black resigns"]
[WhiteElo "2537"]
[BlackElo "2277"]
[Opening "Ruy Lopez: Berlin defense"]
[ECO "C65"]
[NIC "RL.07"]
[Time "15:30:05"]
[PlyCount "113"]
[TimeControl "2400+10"]

1. e4 e5 2. Nf3 Nc6 3. Bb5 Nf6 4. d3 Bc5 5. c3 O-O 6. O-O Re8 7. Bg5 Be7 8.
Nbd2 d6 9. h3 h6 10. Bh4 Bd7 11. Ba4 Nh5 12. Bg3 Nxg3 13. fxg3 Be6 14. Qe2
a6 15. Kh1 Bf6 16. Bb3 d5 17. Nh2 d4 18. Bxe6 Rxe6 19. Nb3 Qd6 20. Rf3 Be7
21. Raf1 Rf6 22. Rxf6 Bxf6 23. Qg4 dxc3 24. bxc3 Kh8 25. Qe2 Rd8 26. Rf3 Kg8
27. Ng4 Be7 28. Qf1 Qe6 29. Ne3 Bd6 30. Qe2 Bf8 31. Nd5 Bd6 32. Rf1 Ne7 33.
Ne3 Nc6 34. Qc2 b6 35. a4 a5 36. Nd2 Ne7 37. Ndc4 Bc5 38. Ng4 f6 39. Nh2 Qd7
40. Rd1 Ng6 41. Nf3 Nf8 42. Qb3 Kh7 43. Rd2 Ne6 44. Qd1 Qf7 45. Kh2 Rd7 46.
Ncxe5 fxe5 47. Nxe5 Qe8 48. Nxd7 Qxd7 49. d4 Be7 50. Qc2 Kg8 51. Rf2 Ng5 52.
e5 Ne6 53. Qf5 Bf8 54. Qg4 c6 55. Rf6 Nc5 56. Qxd7 Nxd7 57. Rxc6 {Black
resigns} 1-0

[Event "ICC tourney 3322 (40 10)"]
[Site "Internet Chess Club"]
[Date "2023.11.11"]
[Round "4"]
[White "MARKOVIC, GORAN:Goran21"]
[Black "MARCHENKO, VITALIY:KingPawn23"]
[Result "1-0"]
[ICCResult "Black resigns"]
[WhiteElo "2005"]
[BlackElo "1816"]
[Opening "Ruy Lopez: Caro variation"]
[ECO "C70"]
[NIC "RL.09"]
[Time "17:45:06"]
[PlyCount "67"]
[TimeControl "2400+10"]

1. e4 e5 2. Nf3 Nc6 3. Bb5 a6 4. Ba4 b5 5. Bb3 Nf6 6. Ng5 d5 7. exd5 Nxd5 8.
Qf3 Be6 9. Nxe6 fxe6 10. c3 Bc5 11. d3 Rf8 12. Qh5+ g6 13. Qxh7 Bxf2+ 14.
Ke2 Qf6 15. Bh6 O-O-O 16. Bxd5 exd5 17. Bxf8 Rxf8 18. Qh3+ Kb7 19. Rf1 e4
20. dxe4 dxe4 21. Nd2 e3 22. Ne4 Qe5 23. Qg4 Rf4 24. Nc5+ Ka7 25. Qc8 Qxc5
26. Qxc7+ Ka8 27. Qxf4 Qh5+ 28. Qf3 Qc5 29. Qe4 Qh5+ 30. g4 Qc5 31. Rad1 Kb7
32. Rd7+ Kb6 33. Rd5 Qf8 34. Qxe3+ {Black resigns} 1-0

[Event "ICC tourney 3322 (40 10)"]
[Site "Internet Chess Club"]
[Date "2023.11.11"]
[Round "4"]
[White "AMBURGY, RYAN:rychessmaster1"]
[Black "Klenoff, Caleb Jude:kingcaleb"]
[Result "1-0"]
[ICCResult "Black resigns"]
[WhiteElo "2318"]
[BlackElo "2039"]
[Opening "QGD Slav: Wiesbaden variation"]
[ECO "D17"]
[NIC "SL.04"]
[Time "17:45:10"]
[PlyCount "81"]
[TimeControl "2400+10"]

1. d4 d5 2. c4 c6 3. Nf3 Nf6 4. Nc3 dxc4 5. a4 Bf5 6. Ne5 e6 7. f3 Bb4 8.
Nxc4 O-O 9. Kf2 Nbd7 10. e4 Bg6 11. Be3 Qe7 12. g3 Rfd8 13. Bh3 c5 14. d5
exd5 15. exd5 Ne5 16. d6 Qe8 17. Nxe5 Qxe5 18. Bf4 Qd4+ 19. Qxd4 cxd4 20.
Nb5 Nd5 21. Be5 Nb6 22. Bxd4 Bxd6 23. Rhd1 Bf8 24. a5 Nc4 25. b3 Nd6 26. Nc7
Rac8 27. Bxc8 Rxc8 28. Rac1 Nf5 29. Nb5 Re8 30. Bxa7 Bb4 31. Bb6 h5 32. Rd8
Rxd8 33. Bxd8 Bd2 34. Rc8 Kh7 35. Bb6 Ne7 36. Rc7 Nd5 37. Rxb7 Bd3 38. Nd6
Nc3 39. Nc4 Nd1+ 40. Kg2 Bc3 41. a6 {Black resigns} 1-0

[Event "ICC tourney 3322 (40 10)"]
[Site "Internet Chess Club"]
[Date "2023.11.11"]
[Round "4"]
[White "Li, Alex:AlexLi31415"]
[Black "CHENG, ERIC:EricCheng-131"]
[Result "0-1"]
[ICCResult "White resigns"]
[WhiteElo "1834"]
[BlackElo "1804"]
[Opening "QGD semi-Slav"]
[ECO "D43"]
[NIC "SL.03"]
[Time "17:45:04"]
[PlyCount "118"]
[TimeControl "2400+10"]

1. d4 d5 2. c4 c6 3. Nc3 Nf6 4. Nf3 e6 5. cxd5 cxd5 6. Bg5 Be7 7. e3 O-O 8.
Bd3 b6 9. Qc2 h6 10. Bxf6 Bxf6 11. g4 Nc6 12. a3 g6 13. Ne2 Bd7 14. h4 Bg7
15. h5 g5 16. Qd2 e5 17. Nxe5 Nxe5 18. dxe5 Bxe5 19. f4 Bg7 20. Rg1 Qe7 21.
O-O-O Rfe8 22. Rg3 Rac8+ 23. Kb1 Qc5 24. fxg5 hxg5 25. Nd4 Qc7 26. Rg2 Qe5
27. Re1 Qe7 28. Bf5 Rc4 29. Rge2 Bxf5+ 30. Nxf5 Qe4+ 31. Ka2 Qe5 32. Rg2
Rec8 33. Qxd5 Qxd5 34. Ne7+ Kf8 35. Nxd5 Rc2 36. Ree2 Rxe2 37. Rxe2 Rc4 38.
e4 Be5 39. Kb3 Rc1 40. Rc2 Rg1 41. h6 Kg8 42. Rc8+ Kh7 43. Rf8 Kxh6 44. Rxf7
Rxg4 45. Rxa7 Bd4 46. Rb7 Rxe4 47. Nxb6 Bxb6 48. Rxb6+ Kh5 49. Kc3 g4 50.
Rb8 g3 51. Rh8+ Kg4 52. b4 Kf3 53. Rh3 Kg2 54. Rxg3+ Kxg3 55. a4 Kf4 56. a5
Ke5 57. a6 Kd5 58. Kb3 Kc6 59. Ka4 Kb6 {White resigns} 0-1

[Event "ICC tourney 3322 (40 10)"]
[Site "Internet Chess Club"]
[Date "2023.11.11"]
[Round "4"]
[White "Liang, Jason:Jupiter435"]
[Black "Mitrabha, Guha:babysnake"]
[Result "0-1"]
[ICCResult "White resigns"]
[WhiteElo "2537"]
[BlackElo "2566"]
[Opening "Caro-Kann: advance variation"]
[ECO "B12"]
[NIC "CK.04"]
[Time "17:45:58"]
[PlyCount "106"]
[TimeControl "2400+10"]

1. e4 c6 2. d4 d5 3. e5 Bf5 4. Nf3 e6 5. Be2 Ne7 6. c3 Nd7 7. O-O h6 8. Nbd2
c5 9. dxc5 Nxc5 10. Nd4 Bh7 11. N2f3 Nc6 12. Nxc6 bxc6 13. Nd4 Qc7 14. c4
Nd7 15. cxd5 cxd5 16. Bf4 Bc5 17. Nb5 Qb6 18. b4 Bxb4 19. Be3 Qa5 20. a3 Be7
21. Nd4 Nxe5 22. Bd2 Qb6 23. Qa4+ Kf8 24. Ba5 Qb2 25. Rfc1 Bf6 26. Bc3 Qb6
27. Ra2 Kg8 28. Rb2 Qc7 29. Bd2 Nc4 30. Bxc4 dxc4 31. Rxc4 Qd8 32. Nc6 Qe8
33. Bc3 Bxc3 34. Rxc3 Bg6 35. h4 Kh7 36. Qa5 Be4 37. Ne5 f6 38. Ng4 Qg6 39.
Rg3 Qf5 40. Rd2 h5 41. Nxf6+ Qxf6 42. Rd7 Bg6 43. Rg5 Rhf8 44. f3 Rf7 45.
Rd6 Rb8 46. Qa4 Rb6 47. Rxb6 axb6 48. Qb4 Rd7 49. Qxb6 Rd1+ 50. Kf2 Qf4 51.
Qxe6 Qxh4+ 52. Rg3 Qd4+ 53. Qe3 Rd2+ {White resigns} 0-1

[Event "ICC tourney 3322 (40 10)"]
[Site "Internet Chess Club"]
[Date "2023.11.11"]
[Round "5"]
[White "Mitrabha, Guha:babysnake"]
[Black "CHENG, ERIC:EricCheng-131"]
[Result "1-0"]
[ICCResult "Black resigns"]
[WhiteElo "2566"]
[BlackElo "1804"]
[Opening "Queen's bishop game"]
[ECO "D02"]
[NIC "QP.08"]
[Time "20:00:11"]
[PlyCount "57"]
[TimeControl "2400+10"]

1. d4 d5 2. Nf3 Nf6 3. Bf4 Bf5 4. c4 c6 5. e3 e6 6. Qb3 Qb6 7. c5 Qxb3 8.
axb3 Nbd7 9. b4 a6 10. b5 cxb5 11. Bxb5 Rc8 12. Ba4 Be7 13. Ne5 Rf8 14. g4
Bxb1 15. Rxb1 h6 16. h4 Kd8 17. g5 Nxe5 18. gxf6 gxf6 19. dxe5 fxe5 20. Bxe5
Rxc5 21. Ke2 b5 22. Bb3 Kd7 23. h5 Rg8 24. Rhg1 Rcc8 25. Ra1 Rxg1 26. Rxg1
Bg5 27. Bg7 Rg8 28. Rxg5 hxg5 29. h6 {Black resigns} 1-0

[Event "ICC tourney 3322 (40 10)"]
[Site "Internet Chess Club"]
[Date "2023.11.11"]
[Round "5"]
[White "MARCHENKO, VITALIY:KingPawn23"]
[Black "MA, JIN:K05-16813308"]
[Result "0-1"]
[ICCResult "White resigns"]
[WhiteElo "1816"]
[BlackElo "1816"]
[Opening "Giuoco Piano"]
[ECO "C50"]
[NIC "IG.02"]
[Time "20:08:40"]
[PlyCount "54"]
[TimeControl "2400+10"]

1. e4 e5 2. Nf3 Nc6 3. Bc4 Bc5 4. O-O Nf6 5. d3 d6 6. h3 h6 7. c3 Be6 8.
Bxe6 fxe6 9. b4 Bb6 10. a4 a6 11. Be3 Bxe3 12. fxe3 O-O 13. Nbd2 d5 14. b5
axb5 15. axb5 Rxa1 16. Qxa1 dxe4 17. dxe4 Ne7 18. Nxe5 Qxd2 19. Nc4 Qd7 20.
Rd1 Qxb5 21. Qa2 Nxe4 22. Na3 Qe5 23. Qc4 Nxc3 24. Re1 Qf6 25. Rf1 Qxf1+ 26.
Qxf1 Rxf1+ 27. Kxf1 b5 {White resigns} 0-1